 Dungeon Crawl Stone Soup version 0.27.0-1-g7a089689b8 (webtiles) character file.

Game seed: 4357846909767304957

126 sanka the Insei (level 4, -4/33 HPs)
             Began as a Vampire Hunter on Aug 4, 2021.
             Slain by Grinder (7 damage)
             ... on level 3 of the Dungeon.
             The game lasted 00:03:38 (2333 turns).

sanka the Insei (Vampire Hunter)                    Turns: 2333, Time: 00:03:38

Health: -4/33      AC:  7    Str: 11    XL:     4   Next: 84%
Magic:  4/4        EV: 12    Int: 14    God:
Gold:   45         SH:  0    Dex: 14    Spells: 3/3 levels left

rFire    . . .     SeeInvis +   a - +1 hand crossbow
rCold    . . .     Faith    .   (no shield)
rNeg     . . .     Spirit   .   c - +0 leather armour
rPois    .         Reflect  .   e - +0 helmet
rElec    .         Harm     .   q - +2 cloak
rCorr    .         Rampage  .   (no gloves)
Will     +....                  (no boots)
Stlth    ++........             (no amulet)
HPRegen  0.31/turn              f - ring of willpower
MPRegen  0.09/turn              x - +4 ring of slaying

@: healing quickly
A: alive, fangs 3, see invisible, vampiric 2
a: Exsanguinate


You were on level 3 of the Dungeon.
You visited 1 branch of the dungeon, and saw 3 of its levels.

You collected 45 gold pieces.


Innate Abilities, Weirdness & Mutations

Your natural rate of healing is accelerated.
You have razor-sharp teeth.
You have supernaturally acute eyesight. (SInv)
You are afflicted with vampirism and can become a bat while bloodless.


   Skills:
 - Level 1.7 Fighting
 - Level 3.2 Crossbows
 - Level 2.1 Dodging
 - Level 1.5 Stealth
 + Level 5.0 Unarmed Combat


You had 3 spell levels left.
You didn't know any spells.
Your spell library contained the following spells:

 Spells                   Type           Power      Damage    Failure   Level
 Ensorcelled Hibernation  Hex/Ice        0%         N/A       50%         2
 Summon Guardian Golem    Hex/Summ       0%         N/A       75%         3
 Fulminant Prism          Conj/Hex       0%         3d6       98%         4
 Iskenderun's Mystic Bla  Conj/Tloc      0%         2d3       98%         4
 Lee's Rapid Deconstruct  Erth           0%         3d5*      100%        5
 Orb of Destruction       Conj           0%         N/A       100%        7
 Spellforged Servitor     Conj/Summ      0%         N/A       100%        7

Inventory:

Hand Weapons
 a - a +1 hand crossbow (weapon)
 b - a +2 short sword of venom
Missiles
 d - 26 bolts (quivered ammo)
Armour
 c - a +0 leather armour (worn)
 e - a +0 helmet (worn)
 q - a +2 cloak (worn)
Jewellery
 f - a ring of willpower (left hand)
 k - a +6 ring of strength
 x - a +4 ring of slaying (right hand)
Wands
 g - a wand of digging (3)
Scrolls
 h - a scroll of noise {unknown}
 l - a scroll of brand weapon {unknown}
 o - 8 scrolls of identify {unknown}
 p - 5 scrolls of teleportation {unknown}
 u - a scroll of vulnerability {unknown}
 v - 2 scrolls of immolation {unknown}
 w - a scroll of amnesia {unknown}
Potions
 i - a potion of haste {unknown}
 j - a potion of cancellation {unknown}
 m - a potion of attraction {unknown}
 n - a potion of mutation {unknown}
 r - a potion of flight {unknown}
 s - a potion of curing {unknown}
 t - a potion of might {unknown}

Dungeon Overview and Level Annotations

Branches:
Dungeon (3/15)

Altars:
Zin

Annotations:
D:3 Grinder

▒▒▒▒▒▒▒▒▒▒▒▒.▒▒▒.▒▒
▒.▒▒... ▒.▒▒ ▒▒.▒
▒...... ▒▒.▒▒▒.▒▒
▒▒▒▒▒▒. ▒..▒..▒
▒▒▒▒▒▒. ▒.▒.▒.▒
▒...... ▒.▒▒▒.▒
▒.▒▒▒▒. ▒.▒ ▒÷▒ ▒.▒
▒. ..▒▒▒5▒ ▒.▒ ▒.
▒▒▒▒V.▒ ▒.▒ ▒÷ ▒(▒▒
▒▒.▒▒ ▒) ▒.▒
▒▒...▒▒▒. ▒.▒
▒▒▒.▒.▒.▒.▒ ▒.▒
▒.......5▒▒ ▒^▒
▒.▒.....▒.▒ ▒.▒
▒.▒........ ▒(▒
▒.▒........ ▒.▒
▒▒▒.▒........


You could see Grinder.


Message History

Grinder hits you but does no damage.
You shoot a bolt. The bolt barely misses Grinder.
Grinder gestures at you. You resist with almost no effort.
Grinder barely misses you.
You shoot a bolt. The bolt hits Grinder!
Grinder is severely wounded.
Grinder closely misses you.
You shoot a bolt. The bolt closely misses Grinder.
Grinder hits you!
* * * LOW HITPOINT WARNING * * *
You writhe in agony.
* * * LOW HITPOINT WARNING * * *
You shoot a bolt. The bolt closely misses Grinder.
Grinder blinks!
You shoot a bolt. The bolt hits Grinder.
Grinder is almost dead.
Grinder gestures at you. Pain shoots through your body!
* * * LOW HITPOINT WARNING * * *
You shoot a bolt. The bolt hits Grinder.
Grinder is almost dead.
Grinder hits you!
You die...

Action                   |  1- 3 |  4- 6 || total
-------------------------+-------+-------++-------
Melee: Short sword       |       |    20 ||    20
       Bite              |       |     2 ||     2
 Fire: Hand crossbow     |   100 |    15 ||   115
 Stab: Sleeping          |       |     1 ||     1
Armor: Leather armour    |    18 |     7 ||    25
Dodge: Dodged            |    35 |    19 ||    54

Levels and vault maps discovered:
D:1:      dpeg_arrival_shrine, layout_basic
D:2:      layout_loops_corners, serial_forest, infiniplex_forest_clump_small,
          infiniplex_forest_zigzag_2, infiniplex_forest_straight_2,
          infiniplex_forest_lined_corner, infiniplex_forest_end_2,
          infiniplex_forest_lined_room_2, infiniplex_forest_end_3, basic_altar,
          shapermc_ecumenical_altar_totnotflames, kennysheep_jessica_study
D:3:      layout_loops_ring, uniq_grinder, uniq_ijyb

Notes
Turn   | Place    | Note
-------+----------+-------------------------------------------
     0 | D:1      | sanka the Vampire Hunter began the quest for the Orb.
     0 | D:1      | Reached XP level 1. HP: 16/16 MP: 1/1
    40 | D:1      | Reached skill level 1 in Unarmed Combat
   153 | D:1      | Reached XP level 2. HP: 22/22 MP: 2/2
   160 | D:1      | Reached skill level 2 in Unarmed Combat
   515 | D:1      | Reached skill level 3 in Unarmed Combat
   515 | D:1      | Gained mutation: You are afflicted with vampirism and can
                  | become a bat while bloodless. [Vampire growth]
   515 | D:1      | Reached XP level 3. HP: 24/27 MP: 3/3
  1204 | D:2      | Reached skill level 4 in Unarmed Combat
  1279 | D:2      | Found a faded altar of an unknown god.
  1592 | D:2      | Noticed Jessica
  1600 | D:2      | Killed Jessica
  1601 | D:2      | Reached XP level 4. HP: 32/33 MP: 4/4
  1624 | D:2      | Got Jessica's Volume of Execration
  1869 | D:3      | Noticed Ijyb
  1876 | D:3      | Killed Ijyb
  2033 | D:3      | Reached skill level 5 in Unarmed Combat
  2261 | D:3      | Noticed Grinder
  2332 | D:3      | HP: 3/33 [Grinder/nerve-wracking pain (2)]
  2333 | D:3      | Slain by Grinder

Vanquished Creatures
  Jessica (D:2)
  Ijyb (D:3)
  2 adders (D:2)
  A dart slug (D:2)
  10 ball pythons
  5 bats
  3 endoplasms
  A giant cockroach (D:1)
  3 goblins (D:2)
  5 hobgoblins
  7 jackals
  3 quokkas
  A frilled lizard (D:2)
  5 kobolds
  3 rats
51 creatures vanquished.
